% Time on Ice - BOISE CARIBOUS
Lines # - Real PCT - Wanted PCT - Time Play
Normal Forward
1 - 32% - 33% - 13:07
2 - 29% - 30% - 12:08
3 - 22% - 25% - 9:02
4 - 17% - 12% - 7:01
Normal Defense
1 - 31% - 35% - 12:58
2 - 34% - 34% - 13:57
3 - 34% - 31% - 14:07
4 - 1% - 0% - 0:16
PP Forward
1 - 51% - 55% - 4:05
2 - 49% - 45% - 3:51
PP Defense
1 - 64% - 55% - 5:03
2 - 36% - 45% - 2:53
PK Forward
1 - 66% - 55% - 5:12
2 - 34% - 45% - 2:44
PK Defense
1 - 67% - 55% - 5:20
2 - 33% - 45% - 2:36
PK3 Forward
1 - 0% - 55%
2 - 0% - 45%
PK3 Defense
1 - 0% - 55%
2 - 0% - 45%
44 Forward
1 - 39% - 55% - 0:47
2 - 61% - 45% - 1:12
44 Defense
1 - 34% - 55% - 0:40
2 - 66% - 45% - 1:19
Last Minute Offensive  - 0:00
Last Minute Defensive  - 0:51
Total
Forward - 60:00
Defense - 60:00
% Time on Ice - SPOKANE KNIGHTS
Lines # - Real PCT - Wanted PCT - Time Play
Normal Forward
1 - 32% - 30% - 13:19
2 - 33% - 30% - 13:27
3 - 24% - 25% - 10:00
4 - 11% - 15% - 4:32
Normal Defense
1 - 41% - 30% - 16:53
2 - 33% - 30% - 13:31
3 - 13% - 20% - 5:20
4 - 13% - 20% - 5:34
PP Forward
1 - 67% - 60% - 5:17
2 - 33% - 40% - 2:39
PP Defense
1 - 88% - 60% - 7:00
2 - 12% - 40% - 0:56
PK Forward
1 - 47% - 50% - 3:42
2 - 53% - 50% - 4:14
PK Defense
1 - 54% - 60% - 4:15
2 - 46% - 40% - 3:41
PK3 Forward
1 - 0% - 60%
2 - 0% - 40%
PK3 Defense
1 - 0% - 60%
2 - 0% - 40%
44 Forward
1 - 58% - 50% - 1:09
2 - 42% - 50% - 0:50
44 Defense
1 - 48% - 60% - 0:57
2 - 52% - 40% - 1:02
Last Minute Offensive  - 0:51
Last Minute Defensive  - 0:00
Total
Forward - 60:00
Defense - 60:00
Play-by-Play 1st period 0:01 of 1st period - Bryan Rust wins face-off versus Peter Abbandonato in neutral zone. 0:25 of 1st period - Dominik Kubalik is hit by Victor Hedman and loses puck. 0:28 of 1st period - Shot by Dominik Kubalik. 0:28 of 1st period - Stopped by Mike Smith without a rebound. 0:29 of 1st period - Adam Lowry wins face-off versus Jesperi Kotkaniemi in SPOKANE KNIGHTS zone. 0:58 of 1st period - Shot by Jesperi Kotkaniemi. 0:58 of 1st period - Stopped by Mike Smith without a rebound. 0:59 of 1st period - Nick Foligno wins face-off versus Vladislav Namestnikov in SPOKANE KNIGHTS zone. 1:24 of 1st period - Shot by Tyler Pitlick. 1:24 of 1st period - Stopped by Ilya Sorokin with a rebound. 1:26 of 1st period - Shot by Jamie Oleksiak. 1:26 of 1st period - Shot Misses the Net. 2:03 of 1st period - Shot by Matthew Tkachuk. 2:03 of 1st period - Shot Blocked by Jani Hakanpaa. 2:05 of 1st period - Shot by Sebastian Aho. 2:05 of 1st period - Stopped by Ilya Sorokin without a rebound. 2:06 of 1st period - Adam Lowry wins face-off versus Paul Carey in BOISE CARIBOUS zone. 3:06 of 1st period - Shot by Dominik Kubalik. 3:06 of 1st period - Shot Misses the Net. 3:18 of 1st period - Shot by Andre Burakovsky. 3:18 of 1st period - Deflect By Dominik Kubalik. 3:18 of 1st period - Stopped by Mike Smith without a rebound. 3:19 of 1st period - Jesperi Kotkaniemi wins face-off versus Frans Nielsen in SPOKANE KNIGHTS zone. 3:21 of 1st period - Denis Gurianov is hit by Radko Gudas and loses puck. 3:34 of 1st period - Shot by Nick Foligno. 3:34 of 1st period - Stopped by Ilya Sorokin without a rebound. 3:35 of 1st period - Sebastian Aho wins face-off versus Vladislav Namestnikov in BOISE CARIBOUS zone. 3:35 of 1st period - Cale Makar is hit by Rasmus Dahlin and loses puck. 3:39 of 1st period - Matthew Tkachuk is hit by Marco Scandella and loses puck. 4:38 of 1st period - Ivan Barbashev is hit by Tyler Pitlick and loses puck. 5:32 of 1st period - Shot by Valeri Nichushkin. 5:32 of 1st period - Shot Misses the Net. 5:37 of 1st period - Reyley Smith is hit by Rasmus Dahlin and loses puck. 5:42 of 1st period - Shot by Reyley Smith. 5:42 of 1st period - Deflect By Valeri Nichushkin. 5:42 of 1st period - Stopped by Ilya Sorokin without a rebound. 5:43 of 1st period - Jesperi Kotkaniemi wins face-off versus Matthew Tkachuk in BOISE CARIBOUS zone. 5:43 of 1st period - Jesperi Kotkaniemi is hit by Matthew Tkachuk. 6:07 of 1st period - Shot by Matthew Tkachuk. 6:07 of 1st period - Stopped by Ilya Sorokin without a rebound. 6:08 of 1st period - Nick Foligno wins face-off versus Peter Abbandonato in BOISE CARIBOUS zone. 6:15 of 1st period - Shot by Nick Foligno. 6:15 of 1st period - Shot Misses the Net. 6:17 of 1st period - Shot by Andrew Agozzino. 6:17 of 1st period - Stopped by Ilya Sorokin with a rebound. 6:19 of 1st period - Shot by Nick Foligno. 6:19 of 1st period - Shot Blocked by Dmitry Kulikov. 6:50 of 1st period - Minor Penalty to Nick Foligno for Holding. 6:50 of 1st period - Minor Penalty to Jani Hakanpaa for Hooking. 6:51 of 1st period - Sebastian Aho wins face-off versus Peter Abbandonato in BOISE CARIBOUS zone. 6:57 of 1st period - Off-side. 6:58 of 1st period - Adam Lowry wins face-off versus Jesperi Kotkaniemi in neutral zone. 7:15 of 1st period - Shot by Andre Burakovsky. 7:15 of 1st period - Shot Blocked by Victor Hedman. 7:15 of 1st period - Victor Hedman from SPOKANE KNIGHTS is injured at 7:15 of 1st period (Sore Left Knee). 7:16 of 1st period - Peter Abbandonato wins face-off versus Sebastian Aho in SPOKANE KNIGHTS zone. 7:35 of 1st period - Shot by Bryan Rust. 7:35 of 1st period - Shot Misses the Net. 8:45 of 1st period - Shot by Matthew Tkachuk. 8:45 of 1st period - Goal by Matthew Tkachuk - BOISE CARIBOUS : 0 - SPOKANE KNIGHTS : 1. 8:46 of 1st period - Peter Abbandonato wins face-off versus Matthew Tkachuk in neutral zone. 9:52 of 1st period - Minor Penalty to Rasmus Dahlin for Tripping. 9:53 of 1st period - Sebastian Aho wins face-off versus Jesperi Kotkaniemi in BOISE CARIBOUS zone. 10:02 of 1st period - Shot by Matthew Tkachuk. 10:02 of 1st period - Stopped by Ilya Sorokin without a rebound. 10:03 of 1st period - Sebastian Aho wins face-off versus Jesperi Kotkaniemi in BOISE CARIBOUS zone. 10:21 of 1st period - Icing by Duncan Keith. 10:22 of 1st period - Jesperi Kotkaniemi wins face-off versus Sebastian Aho in SPOKANE KNIGHTS zone. 12:55 of 1st period - Matt Benning is hit by Nick Foligno and loses puck. 13:40 of 1st period - Shot by Jesperi Kotkaniemi. 13:40 of 1st period - Shot Misses the Net. 13:52 of 1st period - Shot by Denis Gurianov. 13:52 of 1st period - Shot Blocked by Duncan Keith. 13:56 of 1st period - Shot by Jesperi Kotkaniemi. 13:56 of 1st period - Stopped by Mike Smith without a rebound. 13:57 of 1st period - Adam Lowry wins face-off versus Vladislav Namestnikov in SPOKANE KNIGHTS zone. 15:35 of 1st period - Shot by Nick Foligno. 15:35 of 1st period - Stopped by Ilya Sorokin without a rebound. 15:36 of 1st period - Adam Lowry wins face-off versus Andre Burakovsky in BOISE CARIBOUS zone. 16:50 of 1st period - Shot by Matthew Tkachuk. 16:50 of 1st period - Shot Misses the Net. 16:52 of 1st period - Shot by Cale Makar. 16:52 of 1st period - Shot Misses the Net. 16:54 of 1st period - Shot by Cale Makar. 16:54 of 1st period - Stopped by Ilya Sorokin without a rebound. 16:55 of 1st period - Jesperi Kotkaniemi wins face-off versus Nick Foligno in BOISE CARIBOUS zone. 17:02 of 1st period - Shot by Denis Gurianov. 17:02 of 1st period - Shot Hit the Post. 17:04 of 1st period - Shot by Lawson Crouse. 17:04 of 1st period - Goal by Lawson Crouse - BOISE CARIBOUS : 1 - SPOKANE KNIGHTS : 1. 17:05 of 1st period - Jesperi Kotkaniemi wins face-off versus Frans Nielsen in neutral zone. 17:30 of 1st period - Shot by Jesperi Kotkaniemi. 17:30 of 1st period - Goal by Jesperi Kotkaniemi - BOISE CARIBOUS : 2 - SPOKANE KNIGHTS : 1. 17:31 of 1st period - Sebastian Aho wins face-off versus Andre Burakovsky in neutral zone. 17:48 of 1st period - Shot by Andre Burakovsky. 17:48 of 1st period - Stopped by Mike Smith without a rebound. 17:49 of 1st period - Nick Foligno wins face-off versus Jesperi Kotkaniemi in SPOKANE KNIGHTS zone. 17:49 of 1st period - Nick Foligno is hit by Lawson Crouse. 18:00 of 1st period - Icing by Radko Gudas. 18:01 of 1st period - Peter Abbandonato wins face-off versus Nick Foligno in SPOKANE KNIGHTS zone. 18:56 of 1st period - Icing by Jesperi Kotkaniemi. 18:57 of 1st period - Jesperi Kotkaniemi wins face-off versus Sebastian Aho in BOISE CARIBOUS zone. 19:31 of 1st period - Shot by Sebastian Aho. 19:31 of 1st period - Shot Hit the Post. 19:33 of 1st period - Shot by Bryan Rust. 19:33 of 1st period - Shot Misses the Net. 19:53 of 1st period - Icing by Jesperi Kotkaniemi. 19:54 of 1st period - Adam Lowry wins face-off versus Jesperi Kotkaniemi in BOISE CARIBOUS zone. 19:57 of 1st period - Shot by Reyley Smith. 19:57 of 1st period - Stopped by Ilya Sorokin without a rebound. 19:58 of 1st period - Adam Lowry wins face-off versus Peter Abbandonato in BOISE CARIBOUS zone. Goals for this period are 2 for BOISE CARIBOUS vs 1 for SPOKANE KNIGHTS. Shots for this period are 7 for BOISE CARIBOUS vs 11 for SPOKANE KNIGHTS. 2nd period 0:01 of 2nd period - Sebastian Aho wins face-off versus Peter Abbandonato in neutral zone. 0:16 of 2nd period - Shot by Matthew Tkachuk. 0:16 of 2nd period - Stopped by Ilya Sorokin without a rebound. 0:17 of 2nd period - Valeri Nichushkin wins face-off versus Denis Gurianov in BOISE CARIBOUS zone. 0:23 of 2nd period - Minor Penalty to Jani Hakanpaa for Slashing. 0:24 of 2nd period - Jesperi Kotkaniemi wins face-off versus Sebastian Aho in BOISE